[Event "Masters Tournament (MTO)"]
[Site "Biel, Switzerland"]
[Date "2026.07.22"]
[Round "9.24"]
[White "Hasenohr, Benedict"]
[Black "Gerrits, Augustin"]
[Result "1-0"]
[TimeControl "100+30+30sec/move"]
[WhiteTitle "-"]
[BlackTitle "-"]
[WhiteFideId "1303309"]
[BlackFideId "285358"]
[WhiteElo "2247"]
[BlackElo "2072"]

1. d4 d5 2. c4 c6 3. cxd5 cxd5 4. Bf4 Nc6 5. e3 Nf6 6. Bd3 e6 7. Nc3 Bd6 8. Bxd6 Qxd6 9. f4 Bd7 10.
Rc1 O-O 11. g4 Rfc8 12. g5 Ne4 13. Nxe4 dxe4 14. Bxe4 Na5 15. Ne2 Qb4+ 16. Nc3 Nc4 17. Qb3 Qd6 18. Kf2 Nd2 19. Bxh7+ Kxh7 20.
Qc2+ g6 21. Qxd2 Bc6 22. d5 exd5 23. Ne4 Qe6 24. Nf6+ Kg7 25. Qd4 Kf8 26. h4 Be8 27. h5 Rxc1 28. Qb4+ 1-0

[Event "Masters Tournament (MTO)"]
[Site "Biel, Switzerland"]
[Date "2026.07.22"]
[Round "9.25"]
[White "Cervelli, Eduard"]
[Black "Tkhoruk, Roman"]
[Result "1-0"]
[TimeControl "100+30+30sec/move"]
[WhiteTitle "-"]
[BlackTitle "-"]
[WhiteFideId "1351800"]
[BlackFideId "34161589"]
[WhiteElo "2197"]
[BlackElo "1967"]

1. e4 c6 2. d4 d5 3. e5 Bf5 4. h4 h5 5. c4 e6 6. Nc3 Ne7 7. Nge2 Nd7 8. Ng3 Bg6 9. Bg5 Qb6 10.
Rc1 a6 11. Be2 Nf5 12. Nxf5 Bxf5 13. cxd5 cxd5 14. O-O Bg6 15. Qa4 Be7 16. Nb5 Rb8 17. Nc7+ Kd8 18. Bd2 Qxb2 19. Ba5 b6 20.
Nxa6 bxa5 21. Nxb8 Qxb8 22. Ba6 Nb6 23. Qxa5 Ke8 24. Qb5+ Kf8 25. Rc8+ 1-0

[Event "Masters Tournament (MTO)"]
[Site "Biel, Switzerland"]
[Date "2026.07.22"]
[Round "9.26"]
[White "Ivana Maria, Furtado"]
[Black "Berezovskii, Arina"]
[Result "1-0"]
[TimeControl "100+30+30sec/move"]
[WhiteTitle "-"]
[BlackTitle "-"]
[WhiteFideId "5048400"]
[BlackFideId "34449850"]
[WhiteElo "2182"]
[BlackElo "1906"]

1. d4 Nf6 2. Nf3 e6 3. g3 d5 4. Bg2 Bb4+ 5. c3 Be7 6. O-O c6 7. Ne5 Nbd7 8. f4 Ne4 9. e3 O-O 10.
c4 f5 11. b3 Ndf6 12. Bb2 Bd7 13. c5 Be8 14. b4 b5 15. a4 a6 16. Qd3 bxa4 17. Rxa4 a5 18. Na3 axb4 19. Rxb4 Rb8 20.
Nc2 Bd7 21. Rb1 Qc7 22. Bc1 Rxb4 23. Rxb4 Rb8 24. Bf1 Rxb4 25. Nxb4 Qb7 26. Ba3 Be8 27. Qa6 Qxa6 28. Bxa6 Ng4 29.
Nbxc6 Bxc6 30. Nxc6 Kf8 31. Bc1 g5 32. Kg2 h5 33. h3 Ngf6 34. Bc8 Kf7 35. Ne5+ Ke8 36. Bxe6 gxf4 37. gxf4 h4 38.
Bxf5 Ng3 39. Be6 Ne2 40. Ba3 Nc3 41. Bb4 Nd1 42. Kf3 Nb2 43. c6 Bxb4 44. c7 1-0

[Event "Masters Tournament (MTO)"]
[Site "Biel, Switzerland"]
[Date "2026.07.22"]
[Round "9.27"]
[White "Yang, Sung-Jui"]
[Black "Udelnov, Valentin"]
[Result "1/2-1/2"]
[TimeControl "100+30+30sec/move"]
[WhiteTitle "-"]
[BlackTitle "-"]
[WhiteFideId "16301048"]
[BlackFideId "16265734"]
[WhiteElo "1935"]
[BlackElo "2269"]

1. d4 Nf6 2. c4 e6 3. Nf3 b6 4. a3 Bb7 5. Nc3 Ne4 6. Nxe4 Bxe4 7. Nd2 Bb7 8. e4 g6 9. Bd3 Bg7 10.
Nf3 O-O 11. O-O d6 12. Qc2 Nd7 13. Re1 a5 14. b3 e5 15. Bb2 f5 16. dxe5 dxe5 17. b4 Qe7 18. c5 bxc5 19. bxa5 Kh8 20.
exf5 Bxf3 21. gxf3 gxf5 22. Bc3 Qh4 23. Kh1 Qh5 24. Qe2 f4 25. Rg1 Rf6 26. Rg2 Rh6 27. Rd1 1/2-1/2

[Event "Masters Tournament (MTO)"]
[Site "Biel, Switzerland"]
[Date "2026.07.22"]
[Round "9.28"]
[White "Aryan, Mehta"]
[Black "Gireada, Daniel"]
[Result "1-0"]
[TimeControl "100+30+30sec/move"]
[WhiteTitle "-"]
[BlackTitle "-"]
[WhiteFideId "33329664"]
[BlackFideId "1206451"]
[WhiteElo "1979"]
[BlackElo "2255"]

1. e4 c6 2. Nc3 d5 3. Qf3 e6 4. d4 dxe4 5. Qxe4 Nf6 6. Qh4 Be7 7. Nf3 Nbd7 8. Bd3 b6 9. O-O Bb7 10.
Ne5 Nd5 11. Qg3 Nxe5 12. dxe5 g6 13. Ne4 Qc7 14. Bg5 O-O 15. c4 Bxg5 16. Qxg5 f5 17. exf6 Nf4 18. Bc2 c5 19. Rfe1 Rad8 20.
Rad1 Rxd1 21. Bxd1 Bxe4 22. Rxe4 Qd6 23. Bg4 Qd3 24. Re1 Qd2 25. Qe5 Nd3 26. Qxe6+ Kh8 27. Rf1 Qxb2 28. Qd7 Qxf6 29.
Qxd3 Rd8 30. Qf3 Qb2 31. Re1 h5 32. Bxh5 1-0

[Event "Masters Tournament (MTO)"]
[Site "Biel, Switzerland"]
[Date "2026.07.22"]
[Round "9.29"]
[White "Scherler, Julius"]
[Black "Kudryavtsev, Eugene"]
[Result "0-1"]
[TimeControl "100+30+30sec/move"]
[WhiteTitle "-"]
[BlackTitle "-"]
[WhiteFideId "1337947"]
[BlackFideId "1315374"]
[WhiteElo "1941"]
[BlackElo "2146"]

1. e4 c5 2. Nf3 d6 3. d4 cxd4 4. Qxd4 Nc6 5. Qe3 g6 6. Be2 Bg7 7. h3 Nf6 8. O-O O-O 9. Rd1 Be6 10.
Nc3 Rc8 11. Rb1 Qc7 12. Bf1 a6 13. Nd5 Bxd5 14. exd5 Nb4 15. c4 Nxa2 16. Bd2 a5 17. Qe1 Nb4 18. Nd4 Qb6 19. Nb5 Rfe8 20.
Bxb4 axb4 21. Qxb4 Ra8 22. Re1 Nd7 23. Qd2 Ra2 24. Qe3 Qxe3 25. Rxe3 Kf8 26. Rbe1 Be5 27. R1e2 Rea8 28. b4 Nb6 29.
Rxa2 Rxa2 30. Rb3 Ra1 31. Na3 Rc1 32. Rb1 Rc3 33. Nb5 Rc2 34. Na3 Ra2 35. Nb5 Na4 36. Rc1 b6 37. Rb1 Nc3 38.
Nxc3 Bxc3 39. Rb3 Bd4 40. Rf3 Rb2 41. b5 Kg7 42. g4 Rd2 43. Kg2 f5 44. gxf5 g5 45. h4 g4 46. Rd3 Rxf2+ 47. Kg3 Bc5 48. Rd1 h5 49. Re1 Rxf5 50. Bg2 Bf2+ 0-1

[Event "Masters Tournament (MTO)"]
[Site "Biel, Switzerland"]
[Date "2026.07.22"]
[Round "9.30"]
[White "Fogo Esquivel, Levi Kalani Alexander"]
[Black "Hornung, Hans"]
[Result "1-0"]
[TimeControl "100+30+30sec/move"]
[WhiteTitle "-"]
[BlackTitle "-"]
[WhiteFideId "5183189"]
[BlackFideId "4615140"]
[WhiteElo "2125"]
[BlackElo "1924"]

1. e4 e5 2. Nf3 Nc6 3. Bc4 Nf6 4. d3 h6 5. O-O d6 6. a4 g6 7. Re1 Bg7 8. Nc3 O-O 9. h3 a6 10.
Be3 Na5 11. Ba2 c5 12. Nh2 Nc6 13. f4 exf4 14. Bxf4 Nd4 15. Nf3 Be6 16. Be3 Nd7 17. Nd5 Kh7 18. Nxd4 cxd4 19. Bd2 a5 20.
Bc4 Nb6 21. Nxb6 Qxb6 22. b3 Qd8 23. Qf3 Qh4 24. Rf1 b6 25. Rf2 Rae8 26. Raf1 Qd8 27. Qg3 d5 28. exd5 Bxd5 29. Bf4 Bxc4 30.
bxc4 f5 31. Rb1 Re6 32. Bc7 Qe7 33. Rff1 Re3 34. Qd6 Qg5 35. Qf4 Qxf4 36. Rxf4 Rc8 37. Bxb6 Be5 38. Rf3 f4 39. Bxa5 g5 40. Rb5 h5 41. Rxe3 1-0

[Event "Masters Tournament (MTO)"]
[Site "Biel, Switzerland"]
[Date "2026.07.22"]
[Round "9.31"]
[White "Heitmann, Erik"]
[Black "Kwiatkowski, Jakub"]
[Result "0-1"]
[TimeControl "100+30+30sec/move"]
[WhiteTitle "-"]
[BlackTitle "-"]
[WhiteFideId "34608940"]
[BlackFideId "1348736"]
[WhiteElo "1949"]
[BlackElo "2107"]

1. d4 Nf6 2. c4 e6 3. Nc3 Bb4 4. f3 O-O 5. a3 Bxc3+ 6. bxc3 Ne8 7. e4 b6 8. Bd3 Nc6 9. Nh3 Ba6 10.
Ra2 Na5 11. Qe2 Rc8 12. e5 f6 13. Qe4 f5 14. Qe2 c5 15. Bg5 Qc7 16. Rc2 h6 17. Bd2 Qc6 18. d5 Qa4 19. dxe6 dxe6 20.
Nf4 Nc7 21. g4 Bxc4 22. Ng6 Bxd3 23. Qxd3 Rcd8 24. Qe2 Qxc2 25. Nxf8 Qb1+ 26. Qd1 Qxd1+ 27. Kxd1 Nc4 28. Ng6 Rxd2+ 29. Kc1 Nd5 30. gxf5 Ra2 0-1

[Event "Masters Tournament (MTO)"]
[Site "Biel, Switzerland"]
[Date "2026.07.22"]
[Round "9.32"]
[White "Ruchat, Blaise"]
[Black "Schmidt, Florian Pascal"]
[Result "0-1"]
[TimeControl "100+30+30sec/move"]
[WhiteTitle "-"]
[BlackTitle "-"]
[WhiteFideId "1328921"]
[BlackFideId "16256840"]
[WhiteElo "1912"]
[BlackElo "2095"]

1. e4 c5 2. Nf3 d6 3. d4 cxd4 4. Nxd4 Nf6 5. Nc3 a6 6. g3 e5 7. Nb3 Be7 8. Bg2 O-O 9. O-O a5 10.
Re1 a4 11. Nd2 Bg4 12. Bf3 Bxf3 13. Qxf3 Nc6 14. Nf1 Nd4 15. Qd1 a3 16. Ne3 Rc8 17. Nf5 Nxf5 18. exf5 Qb6 19. Be3 Qxb2 20.
Nd5 Bd8 21. Rb1 Qxa2 22. Nxf6+ Bxf6 23. Qh5 Qxc2 24. Rbc1 Qa4 25. Bg5 Rxc1 26. Rxc1 g6 27. Qh6 Bg7 28. Qh3 a2 29. Ra1 gxf5 30.
Qf1 e4 0-1

[Event "Masters Tournament (MTO)"]
[Site "Biel, Switzerland"]
[Date "2026.07.22"]
[Round "9.33"]
[White "Joly, Fabrice"]
[Black "Arndt, Uwe"]
[Result "1/2-1/2"]
[TimeControl "100+30+30sec/move"]
[WhiteTitle "-"]
[BlackTitle "-"]
[WhiteFideId "612235"]
[BlackFideId "24647713"]
[WhiteElo "1907"]
[BlackElo "2005"]

1. e4 c6 2. d4 d5 3. exd5 cxd5 4. Bd3 Nc6 5. c3 Qc7 6. Bg5 e5 7. dxe5 Qxe5+ 8. Qe2 Be7 9. Be3 Nf6 10.
Nf3 Qc7 11. h3 O-O 12. O-O Re8 13. Qc2 Bd6 14. Nbd2 Bf4 15. Bd4 Nxd4 16. Nxd4 Bd7 17. Rfe1 a6 18. N2f3 g6 19. Rxe8+ Rxe8 20.
Re1 b5 21. a3 Qc8 22. Ne2 Bd6 23. Ned4 Rxe1+ 24. Nxe1 Qe8 25. Qe2 Ne4 26. f3 Nc5 27. Qxe8+ Bxe8 28. Bc2 Bf4 29. Nb3 Ne6 30.
Kf2 Bc7 31. Nd4 Bb6 32. Ke3 Bd7 33. Nd3 a5 34. Nf4 Bc6 35. Bb3 Bxd4+ 36. cxd4 Nxf4 37. Kxf4 f6 38. h4 Kf7 39. Bc2 Ke6 40.
g3 Be8 41. b4 axb4 42. axb4 Kd6 43. Bd3 Ke6 1/2-1/2

[Event "Masters Tournament (MTO)"]
[Site "Biel, Switzerland"]
[Date "2026.07.22"]
[Round "9.34"]
[White "Bucher, Dominic"]
[Black "Corbat, Philippe"]
[Result "1-0"]
[TimeControl "100+30+30sec/move"]
[WhiteTitle "-"]
[BlackTitle "-"]
[WhiteFideId "1353144"]
[BlackFideId "1304496"]
[WhiteElo "2078"]
[BlackElo "1893"]

1. e4 d5 2. exd5 Nf6 3. d4 Qxd5 4. Nc3 Qd6 5. Nf3 c6 6. Be2 Bg4 7. h3 Bh5 8. g4 Bg6 9. Ne5 Nbd7 10.
Nxg6 hxg6 11. Qd3 e5 12. Be3 exd4 13. Bxd4 c5 14. Nb5 Qb6 15. Bxf6 gxf6 16. O-O-O Bh6+ 17. Kb1 O-O-O 18. Nd6+ Kb8 19.
Nxf7 Ne5 20. Qg3 1-0

[Event "Masters Tournament (MTO)"]
[Site "Biel, Switzerland"]
[Date "2026.07.22"]
[Round "9.35"]
[White "Al Ibrahim, Abdulrahman"]
[Black "Tan, Jimmy"]
[Result "1-0"]
[TimeControl "100+30+30sec/move"]
[WhiteTitle "-"]
[BlackTitle "-"]
[WhiteFideId "10300503"]
[BlackFideId "129057499"]
[WhiteElo "2016"]
[BlackElo "1953"]

1. e4 d6 2. d4 Nf6 3. Nc3 g6 4. f4 Bg7 5. Nf3 c6 6. Bd3 Bg4 7. h3 Bxf3 8. Qxf3 Qa5 9. O-O O-O 10.
e5 Nfd7 11. Ne4 c5 12. c3 cxd4 13. cxd4 Nc6 14. Be3 Nb4 15. Bb1 Nd5 16. Bf2 Bh6 17. Nc5 dxc5 18. Qxd5 Rad8 19. Bh4 Nb6 20.
Qxc5 Qd2 21. Bxe7 Rc8 22. Qb4 Qe3+ 23. Kh1 Rfe8 24. Bc5 Nd5 25. Qxb7 Nxf4 26. Qf3 Qd2 27. Be4 Rb8 28. b4 Rbc8 29.
Rf2 1-0

[Event "Masters Tournament (MTO)"]
[Site "Biel, Switzerland"]
[Date "2026.07.22"]
[Round "9.36"]
[White "Von Burg, Carl Alexander"]
[Black "Stevens, Christian"]
[Result "1-0"]
[TimeControl "100+30+30sec/move"]
[WhiteTitle "-"]
[BlackTitle "-"]
[WhiteFideId "1352458"]
[BlackFideId "649090"]
[WhiteElo "1947"]
[BlackElo "2014"]

1. d4 c5 2. c3 e6 3. Nf3 Nf6 4. Bf4 Qb6 5. Qb3 Be7 6. e3 Nc6 7. h3 O-O 8. Be2 Nd5 9. Bh2 Qxb3 10.
axb3 f5 11. Nbd2 b6 12. O-O Na5 13. dxc5 Bb7 14. cxb6 axb6 15. b4 Nc6 16. Bc4 Nf6 17. Ne5 Bd6 18. Ndf3 Rfd8 19. Rxa8 Bxa8 20.
Rd1 Bxe5 21. Nxe5 Nxe5 22. Bxe5 Nd5 23. Ra1 Rc8 24. Bd3 Kf8 25. Ra7 Ke7 26. Bxg7 Kd6 27. e4 Nf4 28. Bb5 Bc6 29.
Bxc6 Kxc6 30. Bh6 Nd3 31. exf5 exf5 32. b5+ Kxb5 33. Rxd7 Nxb2 34. Rxh7 Rxc3 35. Rf7 Rc5 36. h4 Nd3 37.
Be3 Rd5 38. Rf6 Nc5 39. f3 Nd7 40. Rf7 Kc4 41. h5 Rd1+ 42. Kh2 Re1 43. Bf4 Ne5 44. Rxf5 Nd3 45. h6 Re7 46. g4 b5 47.
g5 Re3 1-0

[Event "Masters Tournament (MTO)"]
[Site "Biel, Switzerland"]
[Date "2026.07.22"]
[Round "9.37"]
[White "Celis, Joel"]
[Black "Fattori Dittmar, Luca"]
[Result "1/2-1/2"]
[TimeControl "100+30+30sec/move"]
[WhiteTitle "-"]
[BlackTitle "-"]
[WhiteFideId "15400212"]
[BlackFideId "34678883"]
[WhiteElo "1981"]
[BlackElo "1840"]

1. Nf3 d5 2. e3 Nf6 3. b3 g6 4. Bb2 Bg7 5. Be2 O-O 6. O-O b6 7. d4 Bb7 8. Nbd2 Nbd7 9. Re1 Ne4 10.
Nxe4 dxe4 11. Nd2 e5 12. Nc4 Qg5 13. c3 exd4 14. cxd4 Bd5 15. f4 Qd8 16. Qd2 Re8 17. g3 a5 18.
a4 Bf8 19. Red1 Nb8 20. Ba3 Bxa3 21. Rxa3 Nc6 22. Raa1 Nb4 23. Rac1 c6 24. Qb2 Kg7 25. Rb1 f6 26. Rf1 Be6 27.
Qd2 Rb8 28. Na3 Qd6 29. Nc2 Nd5 30. Rfc1 Rec8 31. Ba6 Rc7 32. Bc4 b5 33. Bxd5 cxd5 34. axb5 Rxb5 35. Na3 Rxc1+ 36. Qxc1 Rb6 37.
Qc5 Qb8 38. Qc3 Rb7 39. Kf2 Bg4 40. Rb2 Qc7 41. Nb1 Qb6 42. Qc1 a4 43. b4 Rc7 44. Qd2 Qb5 45. Na3 Qd3 46. Qxd3 exd3 47.
Ke1 Rc1+ 48. Kd2 Ra1 49. h3 Bf3 50. b5 Rd1+ 51. Kc3 Rc1+ 52. Kxd3 Be4+ 53. Kd2 Rc7 54. b6 Rb7 55. Rb5 Kf7 56.
Kc3 Bf5 57. h4 Bd7 58. Rb4 Ke7 59. Kd3 Bf5+ 60. Ke2 Kd6 61. Nb5+ Kc6 62. Nc3 a3 63. Rb3 h5 64. Rxa3 Rxb6 65.
Ra2 Kd6 66. Kd2 Bb1 67. Ra1 Rb2+ 68. Kd1 Bd3 69. Ra2 Rb3 70. Kd2 Bc4 71. Rc2 Ke6 72. Rc1 Rb2+ 73. Rc2 Rb3 74. Rc1 Rb2+ 75.
Rc2 Rb3 76. Nd1 Rd3+ 77. Kc1 Ra3 78. Kb2 Ra2+ 79. Kb1 Ra3 80. Rc3 Rxc3 81. Nxc3 Kf5 82. Kc2 Kg4 83. Na4 Bb5 84. Nc3 Bc4 85.
Na4 Bb5 86. Nc3 Bc6 87. Ne2 Kf3 88. Kd2 Bb5 89. Nc3 1/2-1/2

[Event "Masters Tournament (MTO)"]
[Site "Biel, Switzerland"]
[Date "2026.07.22"]
[Round "9.38"]
[White "Jelicic, Hugo"]
[Black "Morrison, Joseph"]
[Result "1/2-1/2"]
[TimeControl "100+30+30sec/move"]
[WhiteTitle "-"]
[BlackTitle "-"]
[WhiteFideId "1349040"]
[BlackFideId "479535"]
[WhiteElo "1907"]
[BlackElo "2048"]

1. d4 Nf6 2. c4 g6 3. Nc3 Bg7 4. Nf3 O-O 5. Bf4 d6 6. h3 Nbd7 7. e3 c6 8. Be2 a6 9.
O-O b5 10. b4 bxc4 11. Bxc4 Bb7 12. Rb1 h6 13. Bh2 Nb6 14. Qb3 Nfd7 15. Rfd1 Rc8 16. Be2 Kh7 17. a4 f5 18. Rbc1 Qe8 19.
a5 Na8 20. d5 cxd5 21. Nxd5 e5 22. Nd2 Qe6 23. Rxc8 Rxc8 24. e4 Nf6 25. Bc4 Nxd5 26. exd5 Qd7 27. f3 Nc7 28. Bg3 Rb8 29. Bf2 Bc8 30.
Ba7 Rb7 31. Bb6 Rb8 32. Rc1 Bf6 33. Rc2 Na8 34. Bf2 Bd8 35. Qc3 Qb7 36. Bf1 Nc7 37. Qc6 Nxd5 38. Qxd6 Nxb4 39. Rb2 Qc7 40.
Bc5 Nc6 41. Rxb8 Nxb8 42. Qf8 Nc6 43. Bc4 Qg7 44. Qd6 Qd7 45. Qf8 Qg7 46. Qd6 Qd7 47. Qxd7+ Bxd7 48. Bb6 Bxb6+ 49. axb6 Nb8 50. Nb3 Bb5 51. Bd5 Bc6 52.
Bc4 Bb5 53. Bd5 Bc6 54. Bc4 1/2-1/2

[Event "Masters Tournament (MTO)"]
[Site "Biel, Switzerland"]
[Date "2026.07.22"]
[Round "9.39"]
[White "Damen, Josephine"]
[Black "Lumsdon, Andrew"]
[Result "0-1"]
[TimeControl "100+30+30sec/move"]
[WhiteTitle "-"]
[BlackTitle "-"]
[WhiteFideId "1074369"]
[BlackFideId "1308840"]
[WhiteElo "1971"]
[BlackElo "2033"]

1. e4 d6 2. d4 g6 3. Nc3 Bg7 4. Be3 Nd7 5. Qd2 c6 6. Nf3 e5 7. d5 c5 8. Bd3 Qe7 9. Nb5 Nb6 10.
Bxc5 dxc5 11. d6 Qd8 12. Nc7+ Kf8 13. Nxa8 Nxa8 14. Bb5 Bd7 15. Bxd7 Qxd7 16. Qd5 f6 17. Qxc5 Nb6 18. O-O Nh6 19.
Rfd1 Kf7 20. Qa3 Qa4 21. Qc3 Rd8 22. Qb3+ Qxb3 23. axb3 a6 24. c4 Nd7 25. b4 Nb8 26. Rd5 Ke6 27.
b5 Nf7 28. bxa6 Nxa6 29. Nd2 Rxd6 30. Nb3 Rxd5 31. exd5+ Kd6 32. Na5 Kc7 33. b4 Nxb4 34. Rb1 Bf8 35. Nb3 b6 36. Nd2 f5 37.
Ra1 Kb7 38. Rb1 Bc5 39. Rb3 Nd6 40. Rh3 h5 41. Rg3 f4 42. Rxg6 e4 43. Nb3 Nxc4 44. Rg7+ Ka6 45. Nxc5+ bxc5 46.
Rg5 Kb5 47. Rxh5 Nd6 48. Rh6 Nb7 49. Rh7 Na5 50. d6 Nac6 51.
Rc7 Kc4 52. h4 Kd3 53. h5 e3 54. Re7 Nd5 55. fxe3 Ndxe7 56. dxe7 Nxe7 57. exf4 c4 58. h6 c3 59. f5 c2 0-1

[Event "Masters Tournament (MTO)"]
[Site "Biel, Switzerland"]
[Date "2026.07.22"]
[Round "9.40"]
[White "Petry, Martin"]
[Black "Carey, Michael"]
[Result "0-1"]
[TimeControl "100+30+30sec/move"]
[WhiteTitle "-"]
[BlackTitle "-"]
[WhiteFideId "1352318"]
[BlackFideId "30923760"]
[WhiteElo "1999"]
[BlackElo "1946"]

1. Nf3 c5 2. g3 g6 3. Bg2 Bg7 4. e4 Nc6 5. O-O Rb8 6. c3 d6 7. d4 cxd4 8. cxd4 Nf6 9. Qe2 O-O 10.
Nc3 Bg4 11. Qe3 Nb4 12. Ne1 Bd7 13. h3 Qc8 14. Kh2 a5 15. a3 Nc6 16. Nf3 b5 17. e5 dxe5 18. dxe5 Ne8 19. Bd2 Be6 20.
Rfc1 Qd8 21. Rd1 Bb3 22. Be1 Bxd1 23. Rxd1 Qb6 24. Qf4 Nc7 25. Qh4 Rbd8 26. Rc1 Ne6 27. Ng5 Nxg5 28. Nd5 Qd4 29.
Qxg5 Rxd5 30. Rxc6 Rxe5 31. Qc1 Qd8 32. Bd2 Re6 33. Rc5 Re2 34. Be3 Rxb2 35. h4 h5 36. Rd5 Qc8 37. Qf1 Qc4 38.
Qd1 Qb3 39. Qf1 Qc4 40. Qd1 Qb3 41. Qf1 e6 42. Rd7 Qxa3 43. Qd1 Qb3 44. Qd6 Rc2 45. Qf4 Rc4 46. Qg5 a4 47. Bc5 Rxc5 48.
Qxc5 a3 0-1

[Event "Masters Tournament (MTO)"]
[Site "Biel, Switzerland"]
[Date "2026.07.22"]
[Round "9.41"]
[White "Alsaleh, Eissa"]
[Black "Oestmann, Lukas"]
[Result "0-1"]
[TimeControl "100+30+30sec/move"]
[WhiteTitle "-"]
[BlackTitle "-"]
[WhiteFideId "10312463"]
[BlackFideId "1326457"]
[WhiteElo "1908"]
[BlackElo "1998"]

1. e4 c5 2. Nf3 e6 3. d4 cxd4 4. Nxd4 a6 5. Nc3 Qc7 6. a3 Nf6 7. f3 b5 8. Be3 Bb7 9. Na2 d5 10.
exd5 Nxd5 11. Qe2 Nxe3 12. Qxe3 Bc5 13. Qc3 O-O 14. b4 Qe5+ 15. Ne2 Qxc3+ 16. Nexc3 Bd4 17. Rd1 Nc6 18.
Ne4 Rad8 19. c3 Bb6 20. Bd3 Ne5 21. Ke2 Nxd3 22. Rxd3 Bd5 23. Nc1 Bc4 24. Rhd1 Rd5 25. Nd2 Bxd3+ 26. Nxd3 Rfd8 27. Ne4 f5 28. Ng5 R8d6 29. Nh3 e5 30.
Nhf2 Bxf2 31. Nxf2 Rxd1 32. Nxd1 Kf7 33. Nb2 Rg6 34. Kf2 Rc6 35. Nd1 Ke6 36. Ke2 h5 37. Kd3 Rd6+ 38. Ke2 h4 39.
Nf2 Kd5 40. Kd3 Rg6 41. Nd1 f4 0-1

[Event "Masters Tournament (MTO)"]
[Site "Biel, Switzerland"]
[Date "2026.07.22"]
[Round "9.42"]
[White "Wenger, Arejou"]
[Black "Malli, Shiivesh Sunil"]
[Result "1/2-1/2"]
[TimeControl "100+30+30sec/move"]
[WhiteTitle "-"]
[BlackTitle "-"]
[WhiteFideId "1336584"]
[BlackFideId "1340409"]
[WhiteElo "1873"]
[BlackElo "1994"]

1. e4 d5 2. exd5 Nf6 3. d4 Qxd5 4.
Nf3 Bg4 5. Be2 Nc6 6. c4 Qh5 7. Be3 O-O-O 8. Nc3 e5 9. d5 e4 10. Ng5 Ne5 11. Ngxe4 Bxe2 12. Qxe2 Qxe2+ 13. Kxe2 Nxe4 14.
Nxe4 Nxc4 15. Rhd1 Nxe3 16. Kxe3 Be7 17. Rac1 Rhe8 18. Kf3 f5 19. Nc5 Bxc5 20. Rxc5 Rd6 21. Kf4 g6 22. f3 Re2 23.
Rdc1 Rd7 24. R1c2 Rxc2 25. Rxc2 Rxd5 26. Kg5 Kd8 27. Kh6 Rd7 28. h4 b6 29. Rc6 Rf7 30. h5 gxh5 31. Kxh5 Kd7 32.
Rh6 Rg7 33. g4 fxg4 34. fxg4 c5 35. g5 Kc7 36. Kg4 Rf7 37. b3 b5 38. Ra6 Kb7 39. Rf6 Rd7 40. Kf4 c4 41. bxc4 bxc4 42.
Ke3 c3 43. Rf1 Kc8 44. Rc1 Rc7 45. Kd3 Kd7 46. Kc2 Ke6 47. Rf1 Ke5 48. Rf8 Kd5 49. Rg8 Kc4 50. g6 hxg6 51. Rxg6 Kb4 52.
Rg3 a5 53. a3+ Kxa3 54. Rxc3+ Rxc3+ 55. Kxc3 Ka2 56. Kc2 a4 57. Kc1 1/2-1/2

[Event "Masters Tournament (MTO)"]
[Site "Biel, Switzerland"]
[Date "2026.07.22"]
[Round "9.43"]
[White "Magnussen, Petur Gardar"]
[Black "Di Candia, Roberto"]
[Result "0-1"]
[TimeControl "100+30+30sec/move"]
[WhiteTitle "-"]
[BlackTitle "-"]
[WhiteFideId "7203802"]
[BlackFideId "856649"]
[WhiteElo "1957"]
[BlackElo "1988"]

1. e4 e5 2. Nf3 Nc6 3. Bb5 g6 4. c3 a6 5. Ba4 Bg7 6. d4 exd4 7. cxd4 b5 8. Bc2 d5 9. h3 dxe4 10.
Bxe4 Bb7 11. O-O Nge7 12. Bf4 O-O 13. Nc3 f5 14. Qb3+ Kh8 15. Bxc6 Nxc6 16. Ng5 Qf6 17. Ne6 Nxd4 18.
Nxd4 Qxd4 19. Bxc7 b4 20. Na4 Bd5 21. Qd1 Qe4 22. f3 Qe3+ 23. Kh1 Bc6 24. Qb3 Qxb3 25. axb3 Bb5 26. Rfe1 Rfe8 27.
Ba5 Bxa4 28. bxa4 b3 29. Bc3 Bxc3 30. bxc3 b2 31. Rab1 Rxe1+ 32. Rxe1 Rb8 33. Rb1 Kg7 34. Kg1 Kf6 35. Kf2 Ke5 36. Ke3 Kd5 37. Kd3 Rb3 38. f4 h5 39. Kc2 Kc4 40. Rxb2 Rxc3+ 41. Kd1 Ra3 42. Rb6 Rxa4 43. Rxg6 Kd3 44. Kc1 Rxf4 45. Rxa6 Rf1+ 46. Kb2 Rf2+ 47. Kb3 Rxg2 48. Rh6 f4 49.
Rxh5 f3 50. Rf5 f2 51. h4 Ke4 52. Rf8 Rg3+ 0-1

[Event "Masters Tournament (MTO)"]
[Site "Biel, Switzerland"]
[Date "2026.07.22"]
[Round "9.44"]
[White "Rosen, Noah"]
[Black "Vedant, Nayudu"]
[Result "0-1"]
[TimeControl "100+30+30sec/move"]
[WhiteTitle "-"]
[BlackTitle "-"]
[WhiteFideId "1356267"]
[BlackFideId "33369780"]
[WhiteElo "1921"]
[BlackElo "1797"]

1. e4 c6 2. d4 d5 3. e5 Bf5 4. Nf3 e6 5. Be2 c5 6. c3 Nc6 7. O-O cxd4 8. cxd4 Nge7 9. Nc3 Bg4 10.
Bg5 h6 11. Nb5 hxg5 12. Nd6+ Kd7 13. Nxf7 Qe8 14. Nxh8 Qh5 15. Nf7 Qxf7 16. Nxg5 Qf4 17. Bxg4 Qxg5 18. f4 Qg6 19. f5 exf5 20.
Bh3 Qg5 21. Qb3 Kc7 22. Rac1 Rd8 23. Rc5 g6 24. Rfc1 Bh6 25. R1c2 Qe3+ 26. Qxe3 Bxe3+ 27. Kf1 Bxd4 28. Rb5 Bxe5 29.
g3 Kb8 30. Rd2 d4 31. Bg2 Kc7 32. Ke1 a6 33. Rb3 Nd5 34. a3 Na5 35. Rbd3 Ne3 36. Bf3 Nac4 37. Re2 Bf6 38. a4 Ne5 39.
Rexe3 dxe3 40. Rxe3 Nxf3+ 41. Rxf3 Bxb2 42. h4 Rd4 43. Rb3 Re4+ 44. Kf2 Be5 45. a5 Rc4 46. Rd3 Rc2+ 47. Kf1 Rc3 48.
Rd5 Bxg3 49. h5 gxh5 50. Rxf5 h4 51. Rf7+ Kc6 52. Rf6+ Bd6 53. Rh6 h3 54. Kg1 h2+ 55. Kh1 Rc5 56.
Rh3 Rc1+ 57. Kg2 h1=Q+ 0-1

[Event "Masters Tournament (MTO)"]
[Site "Biel, Switzerland"]
[Date "2026.07.22"]
[Round "9.45"]
[White "Hajduk, Tomasz"]
[Black "Simon, Ralf-Axel"]
[Result "1-0"]
[TimeControl "100+30+30sec/move"]
[WhiteTitle "-"]
[BlackTitle "-"]
[WhiteFideId "21811415"]
[BlackFideId "4603125"]
[WhiteElo "1921"]
[BlackElo "1935"]

1. e4 e5 2. Nf3 Nc6 3. Bb5 Nf6 4. O-O Nxe4 5. Re1 Nd6 6. Bxc6 dxc6 7. Nxe5 Be7 8. d4 O-O 9. Nc3 Bf5 10. Bf4 Re8 11. Ne2 h6 12.
Ng3 Bh7 13. c3 g5 14. Bd2 f6 15. Qb3+ Kf8 16. Ng4 Kg7 17. Nh5+ Kg6 18. Qc2+ f5 19. Re6+ 1-0